 Dungeon Crawl Stone Soup version 0.16.1-4-g8e1b745 (webtiles) character file.

46 RobertPalmer the Cutter (level 3, 0/24 HPs)
             Began as an Octopode Warper on Mar 26, 2015.
             Slain by a quokka (5 damage)
             ... on level 2 of the Dungeon.
             The game lasted 00:01:55 (1537 turns).

RobertPalmer the Cutter (Octopode Warper)           Turns: 1537, Time: 00:01:55

Health: 0/24       AC:  1    Str: 10    XL:     3   Next: 66%
Magic:  6/6        EV: 12    Int: 15    God:
Gold:   43         SH:  0    Dex: 12    Spells: 2 memorised, 3 levels left

rFire  . . .     SeeInvis .     a - +0 short sword
rCold  . . .     Clarity  .     (no shield)
rNeg   . . .     SustAb   .     (helmet restricted)
rPois  .         Gourm    .     (no amulet)
rElec  .         Spirit   .     (no ring)
rCorr  .         Warding  .     (no ring)
rMut   .         Stasis   .     (no ring)
MR     .....                    (no ring)
Stlth  ++........               (no ring)
                                (no ring)
                                (no ring)
                                (no ring)

@: not resistant to hostile enchantments, unstealthy
A: almost no armour, amphibious, 8 rings, constrict 8, camouflage 1, gelatinous
body 1
a: no special abilities


You were on level 2 of the Dungeon.
You were hungry.

You visited 1 branch of the dungeon, and saw 2 of its levels.

You collected 43 gold pieces.

Inventory:

Hand weapons
 a - a +0 short sword (weapon)
Missiles
 e - 5 tomahawks of dispersal {=f}
Jewellery
 g - a cursed ring of loudness {unknown}
   (You found it on level 1 of the Dungeon)
Scrolls
 b - a scroll of remove curse {unknown}
 d - a scroll of blinking {!r}
Potions
 i - a potion of beneficial mutation {unknown}
Books
 c - a book of Spatial Translocations
Comestibles
 f - 2 bread rations {@e1}
 j - a beef jerky


   Skills:
 - Level 2.0 Fighting
 + Level 3.9 Short Blades
 - Level 1.0 Throwing
 - Level 2.3 Dodging
 - Level 2.0 Spellcasting
 - Level 3.0 Translocations


You had 3 spell levels left.
You knew the following spells:

 Your Spells              Type           Power        Failure   Level  Hunger
b - Blink                 Tloc           N/A          12%         2    ###....
g - Apportation           Tloc           ##........   8%          1    #......


Dungeon Overview and Level Annotations

Branches:
Dungeon (2/15)

Altars:


Innate Abilities, Weirdness & Mutations

You cannot wear most types of armour.
You are amphibious.
You can wear up to eight rings at the same time.
You can use your tentacles to constrict many enemies at once.
Your skin changes colour to match your surroundings (Stealth).
Your rubbery body absorbs attacks (AC +1).


Message History

You take 2 damage, and have 21/24 hp.
You miss the adder. Your grab misses the adder. Your squeeze misses the adder.
The adder bites you.
You are poisoned.
The adder poisons you!
You take 2 damage, and have 19/24 hp.
You closely miss the adder. You grab the adder. You constrict the adder.
You feel sick. The adder bites you but does no damage.
You take 1 damage, and have 18/24 hp.
You hit the adder. You squeeze the adder. You constrict the adder.
The adder bites you.
You are more poisoned.
The adder poisons you!
You take 4 damage, and have 14/24 hp.
You hit the adder. You constrict the adder.
You feel sick. The adder bites you.
You are more poisoned.
The adder poisons you!
You take 6 damage, and have 8/24 hp.
MASSIVE DAMAGE!!
You barely miss the adder. You squeeze the adder.
You kill the adder!
* * * LOW HITPOINT WARNING * * *
You feel sick.
You take 1 damage, and have 7/24 hp.
Unknown command.
* * * LOW HITPOINT WARNING * * *
You feel sick.
You take 1 damage, and have 6/24 hp.
* * * LOW HITPOINT WARNING * * *
You feel sick.
You take 1 damage, and have 5/24 hp.
* * * LOW HITPOINT WARNING * * *
You feel sick.
You take 1 damage, and have 4/24 hp.
Drink which item? (? for menu, Esc to quit)
It was a potion of heal wounds.
You feel much better.
You feel sick.
You regained 19 hp, and now have 23/24 hp.
You feel sick.
You take 1 damage, and have 22/24 hp.
You feel sick.
You feel sick.
You take 1 damage, and have 21/24 hp.
You feel sick.
You take 1 damage, and have 20/24 hp.
You feel sick.
You take 1 damage, and have 19/24 hp.
You feel sick.
You take 1 damage, and have 18/24 hp.
You feel sick.
You take 1 damage, and have 17/24 hp.
You feel sick.
You take 1 damage, and have 16/24 hp.
You start resting.
You feel sick.
You feel sick. x2
You take 2 damage, and have 14/24 hp.
A worm is nearby!
Unknown command.
You feel sick.
You take 1 damage, and have 13/24 hp.
b - a scroll labeled PLEFUATUDGHA You feel sick.
You are no longer poisoned.
You take 1 damage, and have 13/24 hp.
There are no items here.
The worm bites you!
* * * LOW HITPOINT WARNING * * *
You take 8 damage, and have 5/24 hp.
MASSIVE DAMAGE!!
The worm bites you but does no damage.
A goblin comes into view.
A rat comes into view.
The goblin shouts!
You see here a leather armour.
You closely miss the rat. You grab the rat. You constrict the rat.
The rat bites you.
* * * LOW HITPOINT WARNING * * *
You take 1 damage, and have 7/24 hp.
You hit the rat.
You kill the rat!
You start resting.
A quokka comes into view.
You regained 2 hp, and now have 9/24 hp.
A quokka is nearby!
Unknown command.
A kobold comes into view.
A quokka is nearby!
A quokka is nearby!
Unknown command.
You see here a rat corpse.
You miss the quokka. Your grab misses the quokka.
Your squeeze misses the quokka. The quokka closely misses you.
You miss the quokka. Your grab misses the quokka.
Your squeeze misses the quokka.
The quokka bites you but does no damage.
You hit the quokka but do no damage. Your grab misses the quokka.
The quokka misses you.
You closely miss the quokka. Your grab misses the quokka. The quokka bites you.
* * * LOW HITPOINT WARNING * * *
The kobold closely misses you. The quokka bites you.
You die...

. K. .. .##
#####...##..
#...........
#.##....##.. #K#
.#..# #@# ## ....
#r# .# ### #[##...
#.#..r. #.#.#g# #
#.# #.#.#.#.# #.#
#.#.#.#.###.#
#.#.#.#......
#...........######


You could see a quokka and a kobold.

Vanquished Creatures
  An adder (D:2)
  2 giant geckos (D:1)
  A ball python (D:1)
  4 bats
  5 goblins (D:1)
  3 hobgoblins
  2 jackals (D:1)
  4 kobolds (D:1)
  3 giant newts (D:1)
  9 rats
34 creatures vanquished.

Notes
Turn   | Place    | Note
--------------------------------------------------------------
     0 | D:1      | RobertPalmer, the Octopode Warper, began the quest for the Orb.
     0 | D:1      | Reached XP level 1. HP: 14/14 MP: 3/3
   241 | D:1      | Reached XP level 2. HP: 17/19 MP: 4/4
   620 | D:1      | Reached skill level 3 in Short Blades
   990 | D:1      | Reached XP level 3. HP: 24/24 MP: 6/6
  1393 | D:2      | Learned a level 2 spell: Blink
  1428 | D:2      | HP: 6/24 [poisoned by an adder]
  1466 | D:2      | HP: 5/24 [worm (8)]
  1537 | D:2      | HP: 5/24 [quokka (5)]
  1537 | D:2      | Slain by a quokka

Action                   || total
-------------------------++-------
Melee: Short sword       ||    74
  Use: Scroll            ||     2
       Potion            ||     1
 Stab: Sleeping          ||     4
       Distracted        ||     1
  Eat: Chunk             ||     1

Vault maps used:
D:1:      matt_arrival_diagonals, serial_forest, infiniplex_forest_clump_tiny,
          infiniplex_forest_straight_2, infiniplex_forest_end_2,
          infiniplex_forest_clump_diagonal, infiniplex_forest_clump_large,
          infiniplex_forest_clump_double, infiniplex_forest_lined_1
D:2:      forest_paths, grunt_gozag_statues, uniq_jessica

Table legend:
 A = Turns spent in this place as a percentage of turns spent in the entire game.
 B = Non-inter-level travel turns spent in this place as a percentage of non-inter-level travel turns spent in the entire game.
 C = Inter-level travel turns spent in this place as a percentage of turns spent in this place.
 D = Turns resting spent in this place as a percentage of non-inter-level travel turns spent in this place.
 E = Turns spent auto-exploring this place as a percentage of non-inter-level travel turns spent in this place.
 F = Non-inter-level travel turns spent in this place divided by the number of levels of this place that you've seen.
                   A       B       C       D       E      F
               +-------+-------+-------+-------+-------+----------------------
         Total | 100.0 | 100.0 |   0.7 |   3.9 |  10.2 | 215.5
       Dungeon | 100.0 | 100.0 |   0.7 |   3.9 |  10.2 | 215.5
               +-------+-------+-------+-------+-------+----------------------

Table legend:
 A = Kills in this place as a percentage of kills in entire the game.
 B = Kills by you in this place as a percentage of kills by you in the entire game.
 C = Kills by friends in this place as a percentage of kills by friends in the entire game.
 D = Other kills in this place as a percentage of other kills in the entire game.
 E = Experience gained in this place as a percentage of experience gained in the entire game.
 F = Experience gained in this place divided by the number of levels of this place that you have seen.
                   A       B       C       D       E      F
               +-------+-------+-------+-------+-------+----------------------
         Total | 100.0 | 100.0 |  -nan |  -nan | 100.0 |  33.0
       Dungeon | 100.0 | 100.0 |  -nan |  -nan | 100.0 |  33.0
               +-------+-------+-------+-------+-------+----------------------
